 Dungeon Crawl Stone Soup version 0.19.4-25-g1b72edd (webtiles) character file.

3880 JeffiDaFish the Basher (level 10, 0/63 HPs)
             Began as a Gargoyle Fighter on Feb 28, 2017.
             Was a Follower of Okawaru.
             Killed by divine providence
             ... invoked by an orc priest
              (12 damage)
             ... on level 8 of the Dungeon.
             The game lasted 00:17:56 (6322 turns).

JeffiDaFish the Basher (Gargoyle Fighter)           Turns: 6322, Time: 00:18:26

Health: 0/63       AC: 32    Str: 20    XL:     10   Next: 19%
Magic:  10/10      EV:  7    Int: 16    God:    Okawaru [*.....]
Gold:   268        SH: 12    Dex: 12    Spells: 0 memorised, 9 levels left

rFire  + + .     SeeInvis +     z - +9 demon whip "Wiosorid" {flame, rElec rF+}
rCold  . . .     Gourm    .     p - +4 chain mail "Zaceud Fapt" {rN+ Int+7}
rNeg   + + .     Faith    .     c - +1 shield
rPois  ∞         Spirit   .     (no helmet)
rElec  +         Reflect  .     (no cloak)
rCorr  .         Harm     .     q - +2 pair of gloves
MR     .....                    (no boots)
Stlth  ..........               (no amulet)
                                u - +6 ring of protection
                                s - ring of protection from fire

@: no status effects
A: hooves 1, slimy green scales 1, see invisible, negative energy resistance 1,
electricity resistance, unbreathing, petrification resistance, rot immunity,
subdued magic 1, AC +7
a: Heroism, Renounce Religion


You were on level 8 of the Dungeon.
You worshipped Okawaru.
Okawaru was aware of your devotion.
You were not hungry.

You visited 2 branches of the dungeon, and saw 9 of its levels.
You also visited: Ossuary.

You collected 268 gold pieces.

Inventory:

Hand Weapons
 z - the +9 demon whip "Wiosorid" (weapon) {flame, rElec rF+}
   (You acquired it on level 8 of the Dungeon)

   It has been specially enchanted to burn those struck by it, causing extra
   injury to most foes and up to half again as much damage against particularly
   susceptible opponents.
   It protects you from fire.
   It insulates you from electricity.
Armour
 c - a +1 shield (worn)
 h - a +0 plate armour
 p - the +4 chain mail "Zaceud Fapt" (worn) {rN+ Int+7}
   (You found it on level 4 of the Dungeon)

   It affects your intelligence (+7).
   It protects you from negative energy.
 q - a +2 pair of gloves (worn)
Jewellery
 s - a ring of protection from fire (left hand)
 u - a +6 ring of protection (right hand)
Scrolls
 e - a scroll of remove curse
 k - a scroll of amnesia
 l - 3 scrolls of teleportation
 x - a scroll of recharging
Potions
 b - a potion of magic
 d - 4 potions of might
 g - a potion of berserk rage
 o - a potion of invisibility
 r - 2 potions of flight
 v - a potion of haste
Comestibles
 f - 10 bread rations
 i - 9 beef jerkies
 j - 2 fruits
 m - 2 slices of pizza
 n - 10 chunks of flesh
 t - a meat ration


   Skills:
 + Level 7.3 Fighting
 + Level 9.3 Maces & Flails
 + Level 6.5 Armour
 + Level 2.1 Dodging
 + Level 1.0 Stealth
 + Level 8.6 Shields


You had 9 spell levels left.
You didn't know any spells.

Dungeon Overview and Level Annotations

Branches:
Dungeon (8/15)             Temple (1/1) D:7
   Lair: D:8-11

Altars:
Ashenzari
Cheibriados
Dithmenos
Elyvilon
Fedhas
Gozag
Kikubaaqudgha
Nemelex Xobeh
Okawaru
Ru
Sif Muna
Uskayaw
Vehumet
Xom
Yredelemnul
Zin
The Shining One

Shops:
D:7 (


Innate Abilities, Weirdness & Mutations

You are resistant to torment.
Your stone body is resilient. (AC +7)
You are immune to poison.
You resist negative energy. (rN+)
You are resistant to electric shocks. (rElec)
You can survive without breathing.
You are immune to petrification.
You are immune to rotting.
You have large cloven feet.
You are partially covered in slimy green scales. (AC +2)
You have supernaturally acute eyesight. (SInv)
Your spells are a little easier to cast, but a little less powerful.


Message History

Beogh smites you!
The orc hits you but does no damage. x2; The orc priest barely misses you.
Items here: )) [ † a hand axe; a dagger; a robe; an orc corpse You hit the orc priest.
You burn the orc priest.
The orc priest is severely wounded.
The orc barely misses you. You block the orc's attack.
The orc priest calls down the wrath of Beogh upon you.
Beogh smites you!
The orc priest calls down the wrath of Beogh upon you.
Beogh smites you!
* * * LOW HITPOINT WARNING * * *
You feel better.
The orc priest mumbles some strange prayers to Beogh against you.
Beogh smites you!
* * * LOW HITPOINT WARNING * * *
The orc hits you but does no damage. x2
The orc priest mumbles some strange prayers to Beogh against you.
Beogh smites you!
You die...

##########..###)##.#
##.# #.##.# #.###.##.#
##### #..##.##.### #....
##)##.##.#.. #....
#()<..#.#.# #$...
##.#..#.#.#
####.oo########....#.#.#
....ooo@...........# #.#
.....oo###.?..##..## #.#
.....## #....##..# #.#
.... #.......>.. #.# ...
#......#.####.# ..
#......#.# #.. .
#..≈...+.# ###
#......### # #......# #


You could see 4 orc priests and 3 orcs.

Vanquished Creatures
  A hippogriff (D:7)
  Eustachio (D:4)
  A human (D:4)
  A hungry ghost (D:6)
  Edmund (D:4)
  An orc warrior (D:6)
  An ice beast (D:4)
  An eye of draining (D:8)
  A phantom (D:7)
  3 centaurs (D:8)
  4 ogres
  2 bullfrogs (D:7)
  2 big kobolds
  2 wyvern zombies
  2 scorpions
  5 wights (D:7)
  A howler monkey (D:6)
  2 crimson imps
  2 bullfrog zombies (Ossuary)
  2 centaur zombies
  5 hounds
  A jelly (D:7)
  4 orc priests
  A bullfrog skeleton (D:4)
  A quasit (D:8)
  Jessica (D:3)
  An iguana (D:8)
  7 orc wizards
  5 worker ants
  A hound zombie (Ossuary)
  10 mummies (Ossuary)
  A hound skeleton (D:5)
  5 worker ant zombies (Ossuary)
  A howler monkey zombie (Ossuary)
  8 adders
  6 adder zombies (Ossuary)
  3 worms
  2 dart slugs
  4 leopard geckos
  24 orcs
  3 giant cockroaches
  4 goblins
  4 hobgoblins
  5 jackals
  11 kobolds
  4 quokkas
  11 bats
  5 frilled lizards
  A jackal zombie (Ossuary)
  2 quokka zombies (Ossuary)
  6 rats
183 creatures vanquished.

Vanquished Creatures (others)
  The ghost of Psyclone the Magician, an amateur DEFE (Ossuary)
  2 withered plants (Ossuary)
3 creatures vanquished.

Grand Total: 186 creatures vanquished

Notes
Turn   | Place    | Note
-------+----------+-------------------------------------------
     0 | D:1      | JeffiDaFish the Gargoyle Fighter began the quest for the Orb.
     0 | D:1      | Reached XP level 1. HP: 14/14 MP: 1/1
   209 | D:1      | Reached XP level 2. HP: 19/19 MP: 2/2
   474 | D:2      | Reached XP level 3. HP: 20/24 MP: 3/3
   734 | D:2      | Reached XP level 4. HP: 26/29 MP: 4/4
   864 | D:2      | Reached skill level 3 in Maces & Flails
  1052 | D:3      | Gained mutation: You have large cloven feet. [potion of beneficial mutation]
  1245 | D:3      | Noticed Jessica
  1265 | D:3      | Killed Jessica
  1265 | D:3      | Reached XP level 5. HP: 34/34 MP: 5/5
  1643 | D:4      | Reached skill level 4 in Maces & Flails
  1643 | D:4      | Reached XP level 6. HP: 30/39 MP: 6/6
  1690 | D:4      | Noticed Edmund
  1723 | D:4      | Killed Edmund
  1859 | D:4      | Found a sand-covered staircase.
  1867 | Ossuary  | Entered an ossuary
  1909 | Ossuary  | Noticed Psyclone's ghost (amateur DEFE)
  1926 | Ossuary  | Reached skill level 5 in Fighting
  1931 | Ossuary  | Killed Psyclone's ghost
  1931 | Ossuary  | Reached skill level 5 in Maces & Flails
  1931 | Ossuary  | Reached skill level 1 in Dodging
  1931 | Ossuary  | Reached skill level 5 in Shields
  1931 | Ossuary  | Reached XP level 7. HP: 15/44 MP: 7/7
  2236 | Ossuary  | Reached XP level 8. HP: 27/49 MP: 8/8
  2331 | Ossuary  | Gained mutation: You have supernaturally acute eyesight. (SInv) [potion of mutation]
  2331 | Ossuary  | Gained mutation: Your spells are a little easier to cast, but a little less powerful. [potion of mutation]
  2331 | Ossuary  | Gained mutation: You are partially covered in slimy green scales. (AC +2) [potion of mutation]
  2365 | Ossuary  | Reached skill level 6 in Maces & Flails
  2657 | D:4      | Got a translucent chain mail
  2668 | D:4      | Identified the +4 chain mail "Zaceud Fapt" {rN+ Int+7} (You found it on level 4 of the Dungeon)
  2755 | D:4      | Found a runed door.
  2759 | D:4      | Found a basalt altar of Yredelemnul.
  2895 | D:4      | Noticed Eustachio
  2909 | D:4      | Killed Eustachio
  2909 | D:4      | Reached skill level 5 in Armour
  3122 | D:4      | Reached skill level 7 in Maces & Flails
  3218 | D:5      | Entered Level 5 of the Dungeon
  3384 | D:5      | Found a basalt altar of Yredelemnul.
  3384 | D:5      | Found a glowing silver altar of Zin.
  3388 | D:5      | Found a white marble altar of Elyvilon.
  4140 | D:6      | Reached XP level 9. HP: 52/55 MP: 9/9
  4536 | D:6      | Paralysed by fainting for 7 turns
  4995 | D:7      | Found Poin's Weapon Shoppe.
  5186 | D:7      | Reached skill level 8 in Maces & Flails
  5285 | D:7      | Found a staircase to the Ecumenical Temple.
  5294 | Temple   | Entered the Ecumenical Temple
  5402 | Temple   | Became a worshipper of Warmaster Okawaru
  5990 | D:8      | Reached * piety under Okawaru
  6019 | D:8      | Identified a scroll of acquirement
  6020 | D:8      | Got a sapphire demon whip
  6021 | D:8      | Identified the +9 demon whip "Wiosorid" {flame, rElec rF+} (You acquired it on level 8 of the Dungeon)
  6057 | D:8      | Reached XP level 10. HP: 52/63 MP: 10/10
  6096 | D:8      | Reached skill level 9 in Maces & Flails
  6223 | D:8      | Reached skill level 1 in Stealth
  6256 | D:8      | Found an iron altar of Okawaru.
  6322 | D:8      | Killed from afar by an orc priest

Skill      XL: |  1  2  3  4  5  6  7  8  9 10 |
---------------+-------------------------------+-----
Fighting       | 4 5 6 7 |  7.3
Maces & Flails | 3 4 5 7 8 9 |  9.3
Shields        | 4 5 6 8 |  8.6
Armour         | 4 5 6 |  6.5
Dodging        | 1 2 |  2.1
Stealth        | 1 |  1.0

Action                   |  1- 3 |  4- 6 |  7- 9 | 10-12 || total
-------------------------+-------+-------+-------+-------++-------
Melee: Flail             |   140 |   170 |   483 |       ||   793
       Kick              |       |    41 |   149 |    10 ||   200
       Mace              |       |       |    87 |       ||    87
       Demon whip        |       |       |     4 |    52 ||    56
  Use: Scroll            |     5 |     1 |    16 |     1 ||    23
       Potion            |     3 |     4 |     2 |     1 ||    10
  Eat: Chunk             |       |     4 |    17 |     1 ||    22
       Fruit             |       |       |     1 |       ||     1
       Bread ration      |       |       |     1 |       ||     1
Armor: Chain mail        |   103 |   103 |   298 |    26 ||   530
       Scale mail        |    11 |       |       |       ||    11
Dodge: Dodged            |    43 |    38 |   149 |     9 ||   239
Block: Shield            |   101 |    82 |   307 |    21 ||   511
